 Dungeon Crawl Stone Soup version 0.24-a0-201-gf2055891f0 (webtiles) character file.

Game seed: 6636496950849099971

55769 MrRokkomies the Thrower (level 14, -14/136 HPs)
             Began as an Ogre Hunter on Mar 20, 2019.
             Was the Champion of Lugonu.
             Killed from afar by Jorgrun (46 damage)
             ... with an iron shot
             ... on level 13 of the Dungeon on Mar 21, 2019.
             The game lasted 01:53:12 (23116 turns).

MrRokkomies the Thrower (Ogre Hunter)              Turns: 23116, Time: 01:53:12

Health: -14/136    AC: 14    Str: 19    XL:     14   Next: 78%
Magic:  21/21      EV: 17    Int: 12    God:    Lugonu [******]
Gold:   2249       SH: 17    Dex: 13    Spells: 11/13 levels left

rFire    . . .     SeeInvis .   a - +9 double sword (distort)
rCold    . . .     Gourm    .   z - +0 large shield {AC+3}
rNeg     . . .     Faith    .   K - +1 troll leather armour
rPois    .         Spirit   .   x - +1 hat
rElec    .         Reflect  .   (no cloak)
rCorr    .         Harm     .   (gloves unavailable)
MR       +....                  (boots unavailable)
Stlth    +.........             k - amulet of the acrobat
HPRegen  0.72/turn              Y - +4 ring of evasion
MPRegen  0.17/turn              U - +4 ring of protection

@: no status effects
A: large, unfitting armour, tough skin 1
a: Depart the Abyss, Bend Space, Banish, Corrupt, Enter the Abyss, Renounce
Religion


You were on level 13 of the Dungeon.
You worshipped Lugonu.
Lugonu was exalted by your worship.
You were not hungry.

You visited 3 branches of the dungeon, and saw 21 of its levels.
You visited the Abyss 1 time.
You also visited: Ossuary.

You collected 2550 gold pieces.
You spent 301 gold pieces at shops.

Inventory:

Hand Weapons
 a - a +9 double sword of distortion (weapon)
 N - a +1 double sword of holy wrath
Missiles
 g - 22 tomahawks (quivered)
 j - 639 stones
 u - a throwing net
 B - 45 poisoned needles
 F - 3 poisoned tomahawks
 L - 7 curare-tipped needles
 O - 2 needles of paralysis
 S - 13 large rocks
Armour
 b - the +2 robe "Bapras" {rC- rCorr MP+9}
   (You bought it in a shop on level 2 of the Orcish Mines)

   It makes you vulnerable to cold.
   It affects your magic capacity (+9).
   It provides partial protection from all sources of acid and corrosion.
 x - a +1 hat (worn)
 z - a +0 large shield of protection (worn)
 H - a +2 robe of magic resistance
 K - a +1 troll leather armour (worn)
Jewellery
 k - an amulet of the acrobat (around neck)
 t - an uncursed ring of positive energy
 T - the ring of Winter {rPois Str+3 Dex-3}
   (You found it on level 3 of the Lair of Beasts)

   [ring of dexterity]

   It affects your strength (+3).
   It affects your dexterity (-3).
   It protects you from poison.
 U - a +4 ring of protection (right hand)
 Y - a +4 ring of evasion (left hand)
Wands
 q - a wand of polymorph (18)
 v - a wand of paralysis (9)
 I - a wand of enslavement (17)
 P - a wand of flame (23)
 R - a wand of disintegration (8)
Scrolls
 d - 2 scrolls of magic mapping
 l - a scroll of enchant weapon
 s - 8 scrolls of remove curse
 w - 5 scrolls of teleportation
 y - 2 scrolls of enchant armour
 E - 2 scrolls of fog
 G - 3 scrolls of fear
 W - 5 scrolls of immolation
Potions
 c - 3 potions of heal wounds
 e - 2 potions of flight
 h - 6 potions of berserk rage
 i - 6 potions of curing
 m - 3 potions of agility
 n - 2 potions of might
 o - 5 potions of brilliance
 p - 3 potions of invisibility
 A - a potion of resistance
 C - 3 potions of mutation
 D - 2 potions of ambrosia
 J - a potion of haste
 Q - 2 potions of cancellation
 V - a potion of magic
Comestibles
 f - 30 rations


   Skills:
 - Level 8.2 Fighting
 * Level 10.0 Long Blades
 - Level 13.3 Throwing
 * Level 9.9 Dodging
 - Level 0.6 Stealth
 - Level 11.0 Shields
 - Level 10.1 Invocations


You had 11 spell levels left.
You knew the following spells:

 Your Spells              Type           Power        Failure   Level  Hunger
a - Swiftness             Chrm/Air       #.......     80%         2    ###....

Your spell library contained the following spells:

 Spells                   Type           Power        Failure   Level  Hunger
 Shock                    Conj/Air       #...         67%         1    ##.....
 Sticks to Snakes         Tmut           #.......     80%         2    ###....
 Static Discharge         Conj/Air       #.......     95%         3    ####...
 Airstrike                Air            #.........   100%        4    #####..
 Cause Fear               Hex            #.........   100%        4    #####..
 Summon Lightning Spire   Summ/Air       #.......     100%        4    #####..
 Bolt of Magma            Conj/Fire/Erth #.........   100%        5    ######.
 Iskenderun's Battlesphe  Conj/Chrm      #.......     100%        5    ######.
 Lightning Bolt           Conj/Air       #.........   100%        5    ######.
 Silence                  Hex/Air        #.........   100%        5    ######.
 Venom Bolt               Conj/Pois      #.........   100%        5    ######.
 Yara's Violent Unravell  Hex/Tmut       #.........   100%        5    ######.
 Deflect Missiles         Chrm/Air       #.........   100%        6    #######
 Iron Shot                Conj/Erth      #.........   100%        6    #######
 Statue Form              Tmut/Erth      #........    100%        6    #######
 Dragon Form              Tmut           #.........   100%        7    #######
 Haunt                    Necr/Summ      #.........   100%        7    #######
 Orb of Destruction       Conj           #.........   100%        7    #######
 Spellforged Servitor     Conj/Summ      #.........   100%        7    #######
 Borgnjor's Revivificati  Necr           #.........   100%        8    #######
 Death's Door             Chrm/Necr      #.........   100%        8    #######
 Discord                  Hex            #.........   100%        8    #######
 Infestation              Necr           #.........   100%        8    #######
 Necromutation            Tmut/Necr      #.........   100%        8    #######


Dungeon Overview and Level Annotations

Branches:
Dungeon (13/15)            Temple (0/1) D:7            Lair (6/6) D:9
 Shoals (0/4) Lair:2       Spider (0/4) Lair:4        Slime (0/5) Lair:6
    Orc (2/2) D:12            Elf (0/3) Orc:2
 Vaults: D:13-14

Altars:
Ashenzari
Elyvilon
Gozag
Kikubaaqudgha
Nemelex Xobeh
Sif Muna
Trog
Wu Jian
Xom
Yredelemnul
The Shining One

Shops:
D:12 !   Orc:1 }   Orc:2 [*(:

Annotations:
D:3 Crazy Yiuf
D:8 1 runed translucent door, PeterQ's ghost, novice GnWn
D:9 corrupted
D:13 Jorgrun
Lair:1 exclusion: oklob plant
Lair:3 2 transporters, Miow's ghost, journeyman MiFi
Lair:6 corrupted
Orc:1 Fannar
Orc:2 corrupted


Innate Abilities, Weirdness & Mutations

You are too large for most types of armour.
You have tough skin. (AC +1)


Message History

You throw a tomahawk. The tomahawk misses Jorgrun.
Throwing (i - inventory. (/) - cycle)
g - 23 tomahawks (quivered)
Press: ? - help, Shift-Dir - straight line, f/p - Jorgrun
Aim: Jorgrun, wielding a staff of earth and wearing a +0 robe (moderately wounded, unusually strong)
You throw a tomahawk. The tomahawk hits Jorgrun.
Jorgrun is moderately wounded.
Jorgrun points at you and mumbles some strange words.
The iron shot hits you!!!
* * * LOW HITPOINT WARNING * * *
Press: ? - help, Shift-Dir - straight line, f/p - Jorgrun
Aim: Jorgrun, wielding a staff of earth and wearing a +0 robe (moderately wounded, unusually strong, chance to defeat MR: 12%)
Okay, then.
Unknown command.
Unknown command.
Okay, then.
Unknown command.
You feel much better. Jorgrun gestures at you while chanting.
The iron shot hits you!!!
You die...

#.. ..#+###
#.$(..#
#..(..#
#..(..#
#..g..+
#..(..#
#..@..#
#.....# +#
###'#####.#
#........#
#........#
#........#
######
#........#
.....#
#...†....#
.....#
#........#


You could see Jorgrun.

Vanquished Creatures
  A stone giant (Orc:2)
  4 hydras
  A death knight (D:12)
  A two-headed ogre (D:9)
  Urug (Lair:3)
  A skeletal warrior (D:12)
  2 orc knights (Orc:2)
  A deep elf mage (D:13)
  2 ugly things
  A cyclops (D:11)
  A manticore (D:12)
  2 orc sorcerers (Orc:1)
  2 black mambas
  6 elephants
  A centaur skeleton (D:12)
  17 spiny frogs
  3 rime drakes
  A komodo dragon (Lair:6)
  5 trolls
  A queen bee (D:11)
  Prince Ribbit (D:7)
  7 slime creatures
  2 tyrant leeches (Lair:6)
  23 blink frogs
  9 hippogriffs
  8 dream sheep
  A hornet (D:10)
  2 wyverns
  Sigmund (D:3)
  2 wraiths (D:12)
  A redback (Lair:4)
  26 yaks
  A hungry ghost (D:12)
  4 basilisks
  Edmund (D:5)
  Menkaure (Ossuary)
  3 vampire mosquitoes
  3 wargs
  An acid dragon (D:11)
  12 water moccasins
  8 porcupines
  2 sky beasts (D:8)
  2 black bears
  21 orc warriors
  2 eyes of draining
  An ice beast (D:5)
  A phantom (D:4)
  6 wolves
  A necrophage (D:9)
  6 ogres
  14 centaurs
  5 crocodiles
  3 big kobolds
  23 bullfrogs
  A gnoll sergeant (D:9)
  A water moccasin zombie (D:6)
  5 scorpions
  28 killer bees
  7 howler monkeys
  6 electric eels
  7 crimson imps
  A quasit (D:10)
  2 bullfrog zombies
  A centaur zombie (D:9)
  13 orc priests
  4 jellies
  9 hounds
  16 orc wizards
  4 bullfrog skeletons
  Jessica (D:2)
  Natasha (twice) (D:4)
  3 iguanas
  4 worker ants
  A hound zombie (D:8)
  2 hound skeletons
  2 mummies (Ossuary)
  A howler monkey skeleton (D:8)
  12 gnolls
  12 adders
  3 shadow imps
  An ooze (D:4)
  An adder zombie (D:7)
  3 worms
  2 dart slugs
  4 leopard geckos
  67 orcs
  A ball python (D:5)
  8 giant cockroaches
  5 goblins (D:1)
  5 hobgoblins
  12 jackals
  4 quokkas
  4 bats
  2 frilled lizards
  4 gnoll skeletons (Ossuary)
  2 goblin skeletons (Ossuary)
  4 goblin zombies (Ossuary)
  6 hobgoblin skeletons (Ossuary)
  4 hobgoblin zombies (Ossuary)
  16 kobolds
  4 kobold skeletons (Ossuary)
  2 kobold zombies (Ossuary)
  A leopard gecko skeleton (D:8)
  3 orc skeletons (Ossuary)
  6 orc zombies (Ossuary)
  4 rats
  5 rat skeletons (Ossuary)
  5 rat zombies (Ossuary)
  A plant (Lair:2)
592 creatures vanquished.

Vanquished Creatures (others)
  An orc warlord (Orc:2)
  6 death yaks (Lair:6)
  3 orc high priests (Orc:2)
  A lindwurm (Lair:5)
  3 orc knights (Orc:2)
  4 orc sorcerers (Orc:2)
  9 elephants
  A black mamba (Lair:6)
  A gargoyle (D:12)
  8 spiny frogs
  2 komodo dragons
  A rime drake (Lair:3)
  2 trolls
  A tyrant leech (Lair:6)
  8 blink frogs
  A hippogriff (Lair:6)
  2 dream sheep (Lair:6)
  A slime creature (D:12)
  10 yaks
  Grum (D:9)
  2 basilisks (D:9)
  3 vampire mosquitoes
  A water moccasin (Lair:1)
  3 porcupines
  16 orc warriors
  An ice beast (D:9)
  4 ogres
  6 wolves
  2 centaurs
  A crocodile (D:9)
  5 bullfrogs
  2 killer bees (D:11)
  A howler monkey (D:9)
  15 orc priests (Orc:2)
  An iguana (D:9)
  9 orc wizards
  3 worker ants
  A hound zombie (D:8)
  3 adders
  A shadow imp (D:8)
  A leopard gecko (D:9)
  22 orcs
  A giant cockroach (D:2)
  2 hobgoblins
  3 jackals
  A goblin skeleton (Ossuary)
  3 goblin zombies (Ossuary)
  A bush (Lair:6)
  5 fungi
  43 plants
  6 starspawn tentacles
  3 withered plants
237 creatures vanquished.

Grand Total: 829 creatures vanquished

Notes
Turn   | Place    | Note
-------+----------+-------------------------------------------
     0 | D:1      | MrRokkomies the Ogre Hunter began the quest for the Orb.
     0 | D:1      | Reached XP level 1. HP: 22/22 MP: 1/1
    40 | D:1      | Cast into level 1 of the Abyss (kobold)
    41 | Abyss:1  | Found a corrupted altar of Lugonu.
    49 | Abyss:1  | Became a worshipper of Lugonu the Unformed
    49 | Abyss:1  | Reached * piety under Lugonu
    83 | Abyss:2  | Noticed a starcursed mass
    91 | Abyss:2  | Noticed a tentacled starspawn
   102 | Abyss:2  | Noticed a large abomination
   108 | Abyss:2  | Noticed a starcursed mass
   113 | D:1      | Escaped the Abyss
   329 | D:1      | Reached XP level 2. HP: 31/31 MP: 2/2
   867 | D:1      | Reached XP level 3. HP: 37/37 MP: 3/3
   998 | D:2      | Noticed Jessica
   999 | D:2      | Killed Jessica
   999 | D:2      | Reached skill level 1 in Invocations
  1081 | D:2      | Reached XP level 4. HP: 48/48 MP: 4/4
  1474 | D:3      | Noticed Sigmund
  1478 | D:3      | Killed Sigmund
  1478 | D:3      | Reached skill level 5 in Fighting
  1478 | D:3      | Reached skill level 5 in Throwing
  1478 | D:3      | Reached XP level 5. HP: 45/57 MP: 4/6
  1508 | D:3      | Reached XP level 6. HP: 58/66 MP: 7/7
  2091 | D:3      | Found a runed translucent door.
  2092 | D:3      | Noticed Crazy Yiuf
  2247 | D:4      | Found a white marble altar of Elyvilon.
  2274 | D:4      | Found an opulent altar of Gozag.
  2374 | D:4      | Found a shimmering altar of Xom.
  2403 | D:4      | Found a shattered altar of Ashenzari.
  2414 | D:4      | Noticed a phantom
  2415 | D:4      | Noticed Natasha
  2474 | D:4      | Killed Natasha
  2483 | D:4      | Killed a phantom
  2483 | D:4      | Reached skill level 6 in Throwing
  2483 | D:4      | Reached XP level 7. HP: 43/76 MP: 9/9
  2561 | D:4      | Noticed Natasha
  2569 | D:4      | Killed Natasha
  2569 | D:4      | Reached ** piety under Lugonu
  2777 | D:5      | Entered Level 5 of the Dungeon
  2777 | D:5      | Found a bloodstained altar of Trog.
  2870 | D:5      | Found a glowing golden altar of the Shining One.
  3417 | D:5      | Found a basalt altar of Yredelemnul.
  3526 | D:5      | Noticed Edmund
  3562 | D:5      | Killed Edmund
  3562 | D:5      | Reached XP level 8. HP: 38/88 MP: 10/10
  3573 | D:5      | Reached skill level 7 in Throwing
  3930 | D:5      | Found a sparkling altar of Nemelex Xobeh.
  3930 | D:5      | Found an opulent altar of Gozag.
  4152 | D:5      | Noticed an angel
  4216 | D:6      | Identified 2 scrolls of acquirement
  4334 | D:6      | Reached skill level 1 in Shields
  4541 | D:6      | Found a deep blue altar of Sif Muna.
  4615 | D:6      | Found a sand-covered staircase.
  4620 | Ossuary  | Entered an ossuary
  4627 | Ossuary  | Reached *** piety under Lugonu
  4848 | Ossuary  | Reached **** piety under Lugonu
  4879 | Ossuary  | Noticed Menkaure
  4889 | Ossuary  | Killed Menkaure
  5377 | D:6      | Reached skill level 8 in Throwing
  5391 | D:6      | Reached skill level 5 in Invocations
  5459 | D:6      | Reached XP level 9. HP: 96/96 MP: 12/12
  5529 | D:6      | Noticed a troll
  5539 | D:6      | Killed a troll
  6343 | D:7      | Found a staircase to the Ecumenical Temple.
  6369 | D:7      | Reached skill level 9 in Throwing
  6384 | D:7      | Found an ornate altar of the Wu Jian Council.
  6485 | D:7      | Noticed Prince Ribbit
  6510 | D:7      | Killed Prince Ribbit
  6510 | D:7      | Reached skill level 5 in Shields
  6889 | D:7      | Reached ***** piety under Lugonu
  7263 | D:8      | Reached XP level 10. HP: 17/104 MP: 14/14
  7719 | D:8      | Reached skill level 10 in Throwing
  7988 | D:8      | Found a runed translucent door.
  7988 | D:8      | Noticed PeterQ's ghost (novice GnWn)
  8630 | D:9      | Got a bloodstained hand axe
  8631 | D:9      | Identified the +5 hand axe of the Endless Expanse {elec,
                  | rN+} (You found it on level 9 of the Dungeon)
  8783 | D:9      | HP: 5/103 [gnoll sergeant/+2 spear of freezing (8)]
  8783 | D:9      | HP: 2/103 [gnoll sergeant/+2 spear of freezing (3)]
  8784 | D:9      | Noticed a two-headed ogre
  8794 | D:9      | Corrupted D:9
  8794 | D:9      | Noticed a sixfirhy
  8794 | D:9      | Noticed an orange demon
  8794 | D:9      | Noticed a yellow draconian
  8794 | D:9      | Noticed a bone dragon
  8794 | D:9      | Noticed a starcursed mass
  8794 | D:9      | Noticed a smoke demon
  8794 | D:9      | Noticed a worldbinder
  8794 | D:9      | Noticed a great orb of eyes
  8795 | D:9      | Noticed a thrashing horror
  8795 | D:9      | Noticed a large abomination
  8796 | D:9      | Identified the cursed +1 hand crossbow of Circular Logic
                  | {freeze, rC- Int-2 Dex+8 Stlth+}
  8796 | D:9      | Noticed Grum
  8800 | D:9      | Killed Grum
  8936 | D:9      | Noticed a large abomination
  8955 | D:9      | Noticed a soul eater
  8956 | D:9      | Found a staircase to the Lair.
  9149 | D:9      | Killed a two-headed ogre
  9206 | D:9      | Found an ancient bone altar of Kikubaaqudgha.
  9434 | Lair:1   | Entered Level 1 of the Lair of Beasts
  9451 | D:10     | Entered Level 10 of the Dungeon
  9503 | Lair:1   | Noticed a spiny frog
  9519 | Lair:1   | Reached skill level 11 in Throwing
  9522 | Lair:1   | Banished a spiny frog
  9522 | Lair:1   | Reached XP level 11. HP: 70/111 MP: 16/16
 10775 | Lair:1   | Noticed an oklob plant
 11047 | Lair:2   | Reached skill level 12 in Throwing
 11230 | Lair:2   | Found a staircase to the Shoals.
 11549 | Lair:2   | Reached XP level 12. HP: 120/120 MP: 18/18
 11890 | Lair:3   | Found a transporter.
 11895 | Lair:3   | Found a bloodstained altar of Trog.
 11901 | Lair:3   | Found a transporter.
 11901 | Lair:3   | Identified the cursed +0 trident of Dithmenos's Hope {holy,
                  | Stlth+}
 11901 | Lair:3   | Noticed a spriggan rider
 11923 | Lair:3   | Noticed Miow's ghost (journeyman MiFi)
 12055 | Lair:3   | Noticed a six-headed hydra
 12061 | Lair:3   | Killed a six-headed hydra
 12061 | Lair:3   | Reached skill level 10 in Shields
 12402 | Lair:3   | Reached skill level 13 in Throwing
 12706 | Lair:3   | Noticed Urug
 12724 | Lair:3   | Killed Urug
 12724 | Lair:3   | Reached skill level 10 in Invocations
 12747 | Lair:3   | Got a sparkling tin ring
 12754 | Lair:3   | Identified the cursed ring of Winter {rPois Str+3 Dex-3}
                  | (You found it on level 3 of the Lair of Beasts)
 13445 | Lair:4   | Noticed a five-headed hydra
 13458 | Lair:4   | Killed a five-headed hydra
 13458 | Lair:4   | Reached skill level 1 in Long Blades
 14137 | Lair:4   | Found a hole to the Spider Nest.
 14692 | Lair:5   | Reached XP level 13. HP: 42/127 MP: 20/20
 15100 | Lair:6   | Entered Level 6 of the Lair of Beasts
 15481 | Lair:5   | Reached skill level 5 in Long Blades
 15677 | Lair:5   | Reached skill level 5 in Dodging
 15993 | Lair:6   | Reached ****** piety under Lugonu
 15994 | Lair:6   | Identified a +5 double sword of distortion (a +3 double
                  | sword corrupted by Lugonu)
 15994 | Lair:6   | Received a gift from Lugonu
 16440 | Lair:6   | Corrupted Lair:6
 16440 | Lair:6   | Noticed a purple very ugly thing
 16440 | Lair:6   | Noticed a starcursed mass
 16440 | Lair:6   | Noticed a white very ugly thing
 16440 | Lair:6   | Noticed a green death
 17081 | Lair:6   | Identified the Tome of the Other Side
 17612 | Lair:6   | Reached XP level 14. HP: 136/136 MP: 21/21
 18072 | Lair:6   | Found a staircase to the Slime Pits.
 19601 | D:11     | Learned a level 2 spell: Swiftness
 20066 | D:12     | Found Peghejest's Distillery.
 20079 | D:12     | Bought a potion of heal wounds for 55 gold pieces
 21026 | D:12     | Found a staircase to the Orcish Mines.
 21159 | Orc:1    | Entered Level 1 of the Orcish Mines
 21536 | Orc:2    | Entered Level 2 of the Orcish Mines
 21583 | Orc:2    | Noticed a stone giant
 21667 | Orc:2    | Killed a stone giant
 21796 | Orc:1    | Found Xeakk's Gadget Emporium.
 21810 | Orc:1    | Noticed Fannar
 22400 | Orc:2    | Found a staircase to the Elven Halls.
 22535 | Orc:2    | Corrupted Orc:2
 22535 | Orc:2    | Noticed a quicksilver dragon
 22535 | Orc:2    | Noticed a yellow draconian
 22535 | Orc:2    | Noticed a reaper
 22560 | Orc:2    | Killed an orc warlord
 22872 | Orc:2    | Found Ylaixuc's Antique Armour Emporium.
 22873 | Orc:2    | Found Cerro's Antique Weapon Emporium.
 22874 | Orc:2    | Found Rotuen's General Store.
 22874 | Orc:2    | Found Bydgh's Book Shoppe.
 22888 | Orc:2    | Bought a faintly humming robe for 171 gold pieces
 22898 | Orc:2    | Identified the +2 robe "Bapras" {rC- rCorr MP+9} (You
                  | bought it in a shop on level 2 of the Orcish Mines)
 22920 | Orc:2    | Bought a potion of heal wounds for 75 gold pieces
 23047 | D:13     | Reached skill level 10 in Long Blades
 23097 | D:13     | Noticed Jorgrun
 23115 | D:13     | HP: 4/136 [Jorgrun/iron shot (47)]
 23116 | D:13     | Killed from afar by Jorgrun

Levels and vault maps discovered:
D:1:      matt_arrival_refuge, layout_basic, minmay_worlds_worst_comb
D:2:      layout_loops_ring, uniq_jessica
D:3:      layout_rooms, minmay_crystal_water, uniq_sigmund,
          uniq_crazy_yiuf_cottage
D:4:      layout_cave_pools, xom_confusion_cloud, overflow_temple_1_default,
          evilmike_ruin_ashenzari, grunt_gozag_statues, uniq_natasha
D:5:      layout_loops_ring, grunt_temple_overflow_opulence,
          grunt_temple_overflow_holy_war, bloody_trog, first_ration, uniq_edmund
D:6:      layout_gridville, lemuel_doored_altar, enter_ossuary_5,
          minmay_chambers_of_fives
D:7:      layout_rooms, old_standard_altar, minmay_temple_entry_steel_oval,
          the_bakery, eino_tiny_chamber, uniq_prince_ribbit1
D:8:      layout_basic, gammafunk_ghost_grave
D:9:      layout_rooms, kiku_gazebo_garden_becter, minmay_lair_entry_grove,
          kennysheep_generic_room_9, uniq_grum
D:10:     layout_gridville
D:11:     layout_rooms, special_room [special_room_bee], nicolae_sextant
D:12:     layout_cave_pools, orc_0_dummy, serial_rivers,
          chequers_serial_rivers_large_a, chequers_serial_rivers_micro_d,
          chequers_serial_rivers_small_b, chequers_serial_rivers_small_3,
          serial_shops, nicolae_shop_crystal
D:13:     layout_basic, nemelex_xobeh_ov_fountains_minmay, uniq_sonja,
          uniq_jorgrun
Lair:1:   layout_chaotic_city, chequers_serial_rivers_micro_e,
          beast_lair_carwin_9, grunt_megastairs_3, minmay_lair_oklob_chamber
Lair:2:   layout_hall_layers, minmay_shoals_entry_centaurs,
          nicolae_quartered_pool_little
Lair:3:   layout_cave_shapes, gammafunk_ghost_wrathful_warriors,
          enter_volcano_2, uniq_urug
Lair:4:   layout_regular_city, spider_nest_entry_rubble, disabler_island
Lair:5:   layout_cave_shapes, infiniplex_staircase_pool_2
Lair:6:   minmay_lair_end_frog_pond, layout_regular_city,
          minmay_slime_entry_pillars, infiniplex_staircase_pool
Orc:1:    layout_caves, serial_shops, shop, uniq_fannar
Orc:2:    st_orc_congregation, layout_diamond_mine
Abyss:1:  abyss_furniture_001
Abyss:2
Ossuary:  ossuary_due_pyramid

Skill      XL: |  1  2  3  4  5  6  7  8  9 10 11 12 13 14 |
---------------+-------------------------------------------+-----
Fighting       | 3 4 5 6 7 8 |  8.2
Invocations    | 1 2 3 5 6 7 9 10 | 10.1
Throwing       | 5 6 8 9 11 12 13 | 13.3
Shields        | 3 5 7 9 11 | 11.0
Long Blades    | 3 7 10 | 10.0
Dodging        | 2 7 9 |  9.9
Stealth        | |  0.6

Action                   |  1- 3 |  4- 6 |  7- 9 | 10-12 | 13-15 || total
-------------------------+-------+-------+-------+-------+-------++-------
Melee: Short sword       |    17 |       |       |       |       ||    17
       Dagger            |    71 |    94 |   348 |   644 |   129 ||  1286
       Double sword      |       |       |       |       |   643 ||   643
Throw: Large rock        |     4 |     4 |    10 |    10 |    16 ||    44
       Tomahawk          |     1 |    13 |   164 |   371 |    78 ||   627
       Throwing net      |       |       |     3 |     1 |       ||     4
       Stone             |       |       |       |    32 |   363 ||   395
       Javelin           |       |       |       |    19 |    80 ||    99
Invok: Depart the Abyss  |     1 |       |       |       |       ||     1
       Corrupt           |       |       |       |     1 |     2 ||     3
       Bend Space        |       |       |       |     5 |     9 ||    14
       Banish            |       |       |       |     4 |     3 ||     7
       Brand Weapon With |       |       |       |       |     1 ||     1
Evoke: Wand              |       |       |       |     1 |       ||     1
  Use: Scroll            |     5 |     4 |     9 |     6 |    16 ||    40
       Potion            |       |       |     3 |     7 |     1 ||    11
 Stab: Sleeping          |       |     1 |       |     1 |       ||     2
       Held in net/web   |       |       |     3 |       |       ||     3
       Distracted        |       |       |     1 |       |       ||     1
       Paralysed         |       |       |       |     4 |       ||     4
  Eat: Chunk             |       |     4 |     9 |    12 |    19 ||    44
       Ration            |       |       |     2 |     4 |     4 ||    10
Armor: Robe              |    21 |     9 |    81 |     5 |       ||   116
       Troll leather arm |       |       |       |   160 |   140 ||   300
       Skin              |       |       |       |    36 |       ||    36
Dodge: Dodged            |    38 |    41 |    94 |   158 |   430 ||   761
Block: Large shield      |       |       |   137 |   582 |   830 ||  1549
       Rpst.: Double sword |       |       |       |       |    85 ||    85

Table legend:
 A = Non-vault XP
 B = Vault XP
 C = Vault XP percentage of total XP
 D = Non-vault monster count
 E = Vault monster count
 F = Vault count percentage of total count
                 A         B        C        D         E       F
            +---------+---------+-------+---------+---------+-------
      Total |   61636 |   18034 |  22.6 |     501 |     152 |  23.3
            +---------+---------+-------+---------+---------+-------
        D:1 |      34 |       6 |  15.0 |      20 |       3 |  13.0
        D:2 |      20 |      37 |  64.9 |       8 |       1 |  11.1
        D:3 |      48 |     212 |  81.5 |      13 |       1 |   7.1
        D:4 |     403 |      36 |   8.2 |      16 |       1 |   5.9
        D:5 |     491 |     169 |  25.6 |      22 |       1 |   4.3
        D:6 |    1073 |     438 |  29.0 |      31 |       4 |  11.4
        D:7 |     692 |     291 |  29.6 |      17 |       1 |   5.6
        D:8 |    1803 |       0 |   0.0 |      42 |       0 |   0.0
        D:9 |    2437 |     354 |  12.7 |      31 |       4 |  11.4
       D:10 |    2310 |       0 |   0.0 |      27 |       0 |   0.0
       D:11 |    3348 |    1821 |  35.2 |      25 |      26 |  51.0
       D:12 |    7769 |       0 |   0.0 |      42 |       0 |   0.0
       D:13 |    1422 |       0 |   0.0 |       3 |       0 |   0.0
     Lair:1 |    5014 |     374 |   6.9 |      24 |       3 |  11.1
     Lair:2 |    3940 |     458 |  10.4 |      19 |       4 |  17.4
     Lair:3 |    8976 |     843 |   8.6 |      39 |       1 |   2.5
     Lair:4 |    1876 |     615 |  24.7 |       7 |       6 |  46.2
     Lair:5 |    5103 |    5398 |  51.4 |      15 |      23 |  60.5
     Lair:6 |    7212 |    6598 |  47.8 |      25 |      28 |  52.8
      Orc:1 |    2581 |       0 |   0.0 |      30 |       0 |   0.0
      Orc:2 |    5084 |     139 |   2.7 |      45 |       2 |   4.3
    Ossuary |       0 |     245 | 100.0 |       0 |      43 | 100.0
            +---------+---------+-------+---------+---------+-------
